 Dungeon Crawl Stone Soup version 0.22-a0-447-gee5f7238b3 (webtiles) character file.

207 Banto the Sneak (level 5, -8/31 HPs)
             Began as an Octopode Earth Elementalist on June 3, 2018.
             Mangled by SacrumLux's ghost (19 damage)
             ... on level 3 of the Dungeon.
             The game lasted 00:04:49 (3194 turns).

Banto the Sneak (Octopode Earth Elementalist)       Turns: 3194, Time: 00:04:50

Health: -8/31      AC:  1    Str:  7    XL:     5   Next: 85%
Magic:  0/8        EV: 13    Int: 19    God:
Gold:   107        SH:  0    Dex: 12    Spells: 1/8 levels left

rFire    . . .     SeeInvis .   d - +1 dagger (speed)
rCold    . . .     Gourm    .   (no shield)
rNeg     . . .     Faith    .   (helmet restricted)
rPois    .         Spirit   .   (no amulet)
rElec    .         Reflect  .   (no ring)
rCorr    .         Harm     .   (no ring)
MR       .....                  (no ring)
Stlth    ++++......             (no ring)
HPRegen  0.10/turn              (no ring)
MPRegen  0.11/turn              (no ring)
                                (no ring)
                                (no ring)

@: very slightly contaminated
A: almost no armour, stealthy swim, amphibious, 8 rings, constrict 8, camouflage
1, gelatinous body 1
a: no special abilities


You were on level 3 of the Dungeon.
You were not hungry.

You visited 1 branch of the dungeon, and saw 3 of its levels.

You collected 107 gold pieces.

Inventory:

Hand Weapons
 d - a +1 dagger of speed (weapon)
Missiles
 b - 125 stones (quivered)
Jewellery
 f - a +4 ring of intelligence {unknown}
 i - a +2 amulet of reflection {unknown}
Scrolls
 a - a scroll of teleportation
 h - a scroll of remove curse
Potions
 e - 2 potions of heal wounds {unknown}
 g - 2 potions of might {unknown}
 k - a potion of curing {unknown}
 l - a potion of haste {unknown}
 m - a potion of magic {unknown}
 n - 2 potions of degeneration {unknown}
 o - a potion of agility {unknown}
Comestibles
 c - 5 rations
 j - a chunk of flesh


   Skills:
 - Level 2.0 Dodging
 + Level 6.2 Stealth
 - Level 2.0 Spellcasting
 - Level 1.0 Transmutations
 + Level 4.9 Earth Magic


You had one spell level left.
You knew the following spells:

 Your Spells              Type           Power        Failure   Level  Hunger
a - Sandblast             Erth           ###...       2%          1    #......
b - Passwall              Tmut/Erth      ##......     8%          2    ###....
c - Petrify               Tmut/Erth      ##......     45%         4    #####..

Your spell library contained the following spells:

 Spells                   Type           Power        Failure   Level  Hunger
 Stone Arrow              Conj/Erth      ##....       19%         3    ###....
 Lee's Rapid Deconstruct  Erth           ###.......   52%         5    ######.


Dungeon Overview and Level Annotations

Branches:
Dungeon (3/15)

Altars:
Nemelex Xobeh
Trog

Annotations:
D:3 SacrumLux's ghost, amateur SpAs


Innate Abilities, Weirdness & Mutations

You cannot wear most types of armour.
You are very stealthy in the water. (Stealth+)
You are amphibious.
You can wear up to eight rings at the same time.
You can use your tentacles to constrict eight enemies at once.
Your skin changes colour to match your surroundings (Stealth+).
Your rubbery body absorbs attacks. (AC +1, EV +1)


Message History

Confirm with . or Enter, or press ? or * to list all spells.
Aiming: Sandblast (safe; 2% risk of failure)
Press: ? - help, Shift-Dir - straight line, f/p - SacrumLux's ghost
Aim: SacrumLux's ghost, wielding a weapon of electrocution (severely damaged)
The blast of sand misses SacrumLux's ghost.
b - 126 stones SacrumLux's ghost tries to sneak away.
SacrumLux's ghost hits you. The kobold hits you with a whip.
You take 4 damage, and have 15/31 hp.
You now have 1/8 mp.
Casting: Sandblast (safe; 2% risk of failure)
Confirm with . or Enter, or press ? or * to list all spells.
Aiming: Sandblast (safe; 2% risk of failure)
Press: ? - help, Shift-Dir - straight line, f/p - SacrumLux's ghost
Aim: SacrumLux's ghost, wielding a weapon of electrocution (severely damaged)
The blast of sand hits SacrumLux's ghost.
SacrumLux's ghost is almost destroyed.
b - 125 stones SacrumLux's ghost hits you.
You are electrocuted!
Ouch! That really hurt!
You die...

.##............
###########
.##....)#######
.##.##### # .##.### .#
#.....# ######.#
#...#.# #!.....####
###.#.#
#####..........
#.#.####..............
#
#.#.........†.@W......
#.######)...#..Kg.....
#.##........#...[.....
..##.###.####.........
#.# #......... #.#
#......... #..
#......... ...
.......... ...


You could see SacrumLux's ghost, a hobgoblin and a kobold.

Vanquished Creatures
  An orc wizard (D:3)
  4 adders
  4 gnolls (D:2)
  3 oozes
  3 worms
  2 dart slugs (D:1)
  2 leopard geckos (D:2)
  3 orcs (D:3)
  4 giant cockroaches
  2 goblins (D:2)
  11 hobgoblins
  8 jackals
  2 quokkas (D:3)
  8 bats
  7 frilled lizards
  13 kobolds
  5 rats
82 creatures vanquished.

Notes
Turn   | Place    | Note
-------+----------+-------------------------------------------
     0 | D:1      | Banto the Octopode Earth Elementalist began the quest for the Orb.
     0 | D:1      | Reached XP level 1. HP: 11/11 MP: 3/3
    27 | D:1      | Reached skill level 3 in Stealth
   397 | D:1      | Reached XP level 2. HP: 7/17 MP: 3/5
   828 | D:1      | Reached XP level 3. HP: 19/21 MP: 6/6
   858 | D:1      | Reached skill level 4 in Stealth
  1442 | D:2      | Found a bloodstained altar of Trog.
  1449 | D:2      | Reached XP level 4. HP: 24/27 MP: 4/7
  1834 | D:2      | Found a sparkling altar of Nemelex Xobeh.
  1839 | D:2      | Reached skill level 5 in Stealth
  2018 | D:1      | Reached XP level 5. HP: 11/31 MP: 2/8
  2728 | D:3      | Learned a level 2 spell: Passwall
  2733 | D:3      | Learned a level 4 spell: Petrify
  2861 | D:3      | Noticed SacrumLux's ghost (amateur SpAs)
  2888 | D:3      | Reached skill level 6 in Stealth
  3194 | D:3      | Mangled by SacrumLux's ghost

Vault maps used:
D:1:      dpeg_arrival_connections
D:2:      lemuel_round_altar, nemelex_xobeh_ov_fountains_minmay,
          grunt_ministairs_6
D:3:      minitemple, uniq_terence

Skill      XL: |  1  2  3  4  5 |
---------------+----------------+-----
Stealth        | 3 4 5 6 |  6.2
Earth Magic    | 4 |  4.9
Dodging        | |  2.0
Spellcasting   | |  2.0
Transmutations | |  1.0

Action                   |  1- 3 |  4- 6 || total
-------------------------+-------+-------++-------
Melee: Unarmed           |    12 |       ||    12
       Constrict         |    21 |    18 ||    39
       Tentacles         |    15 |    15 ||    30
       Club              |     4 |       ||     4
       Dagger            |    68 |    84 ||   152
 Cast: Sandblast         |    18 |    30 ||    48
       Passwall          |       |     1 ||     1
  Use: Scroll            |       |     4 ||     4
 Stab: Sleeping          |     9 |    12 ||    21
  Eat: Chunk             |     2 |     6 ||     8
Armor: Skin              |     7 |     8 ||    15
Dodge: Dodged            |    55 |    46 ||   101

Table legend:
 A = Spawn XP
 B = Non-spawn XP
 C = Spawn XP percentage of total XP
 D = Spawn monster count
 E = Non-spawn monster count
 F = Spawn count percentage of total count
 G = Total turns spent on level
                    A         B        C        D         E        F      G
               +---------+---------+-------+---------+---------+-------+---------
         Total |       0 |     297 |   0.0 |       0 |      82 |   0.0 |  3194
               +---------+---------+-------+---------+---------+-------+---------
           D:1 |       0 |      70 |   0.0 |       0 |      31 |   0.0 |  1668
           D:2 |       0 |     144 |   0.0 |       0 |      36 |   0.0 |  1033
           D:3 |       0 |      83 |   0.0 |       0 |      15 |   0.0 |   493
               +---------+---------+-------+---------+---------+-------+---------

Table legend:
 A = Turns spent in this place as a percentage of turns spent in the entire game.
 B = Non-inter-level travel turns spent in this place as a percentage of non-inter-level travel turns spent in the entire game.
 C = Inter-level travel turns spent in this place as a percentage of turns spent in this place.
 D = Turns resting spent in this place as a percentage of non-inter-level travel turns spent in this place.
 E = Turns spent auto-exploring this place as a percentage of non-inter-level travel turns spent in this place.
 F = Non-inter-level travel turns spent in this place divided by the number of levels of this place that you've seen.
                   A       B       C       D       E      F
               +-------+-------+-------+-------+-------+----------------------
         Total | 100.0 | 100.0 |   2.3 |  42.1 |  35.7 | 1039.7
       Dungeon | 100.0 | 100.0 |   2.3 |  42.1 |  35.7 | 1039.7
               +-------+-------+-------+-------+-------+----------------------

Table legend:
 A = Kills in this place as a percentage of kills in entire the game.
 B = Kills by you in this place as a percentage of kills by you in the entire game.
 C = Kills by friends in this place as a percentage of kills by friends in the entire game.
 D = Other kills in this place as a percentage of other kills in the entire game.
 E = Experience gained in this place as a percentage of experience gained in the entire game.
 F = Experience gained in this place divided by the number of levels of this place that you have seen.
                   A       B       C       D       E      F
               +-------+-------+-------+-------+-------+----------------------
         Total | 100.0 | 100.0 |   N/A |   N/A | 100.0 |  99.0
       Dungeon | 100.0 | 100.0 |   N/A |   N/A | 100.0 |  99.0
               +-------+-------+-------+-------+-------+----------------------
